 Dungeon Crawl Stone Soup version 0.30-a0-949-g53dc5368d7 (webtiles) character file.

Game seed: 6282582960462304527

156 Monkooky the Caller (level 5, 0/35 HPs)
             Began as an Octopode Summoner on Mar 27, 2023.
             Was an Initiate of Gozag.
             Slain by a bullfrog (7 damage)
             ... on level 3 of the Dungeon.
             The game lasted 00:08:42 (2589 turns).

Monkooky the Caller (Octopode Summoner)             Turns: 2589, Time: 00:08:42

Health: 0/35       AC:  1    Str:  7    XL:     5   Next: 38%
Magic:  8/8        EV: 13    Int: 19    God:    Gozag
Gold:   256        SH:  5    Dex: 13    Spells: 0/8 levels left

rFire   . . .      SeeInvis .    n - +0 dagger (venom)
rCold   . . .      Faith    .    (no shield)
rNeg    . . .      Spirit   .    (helmet restricted)
rPois   .          Reflect  +    p - amulet of reflection
rElec   .          Rampage  .    (no ring)
rCorr   .                        (no ring)
Will    .....                    (no ring)
Stlth   +++                      (no ring)
HPRegen 0.25/turn                (no ring)
MPRegen 0.11/turn                (no ring)
                                 (no ring)
                                 (no ring)

@: gold aura
A: almost no armour, amphibious, 8 rings, camouflage 1, gelatinous body 1,
(nimble swimmer 1), tentacles
a: Renounce Religion, Potion Petition, Call Merchant, Bribe Branch


You were on level 3 of the Dungeon.
You worshipped Gozag.
Gozag was aware of your devotion.
You visited 1 branch of the dungeon, and saw 4 of its levels.

You collected 256 gold pieces.

Inventory:

Hand Weapons
 k - a +0 dagger
 n - a +0 dagger of venom (weapon)
Missiles
 x - 4 curare-tipped darts
Jewellery
 e - a ring of fire
 p - an amulet of reflection (around mantle)
Wands
 u - a wand of acid (2)
Scrolls
 f - 2 scrolls of identify {unknown}
 g - 3 scrolls of poison {unknown}
 h - a scroll of fear {unknown}
 i - a scroll of amnesia {unknown}
 j - 2 scrolls of magic mapping {unknown}
 o - a scroll of teleportation {unknown}
 q - a scroll of summoning {unknown}
 r - a scroll of immolation {unknown}
 v - a scroll of blinking {unknown}
 y - 2 scrolls of vulnerability {unknown}
Potions
 a - 3 potions of magic
 b - 3 potions of degeneration {unknown}
 c - a potion of flight {unknown}
 d - a potion of might {unknown}
 l - a potion of berserk rage {unknown}
 m - 3 potions of curing {unknown}
 s - 2 potions of haste {unknown}
 t - a potion of invisibility {unknown}
 w - a potion of resistance {unknown}


   Skills:
 - Level 2.6 Fighting
 - Level 2.0 Dodging
 - Level 2.6 Stealth
 - Level 2.0 Spellcasting
 - Level 5.7 Summonings
 + Level 0.4 Air Magic


You couldn't memorise any spells.
You knew the following spells:

 Your Spells              Type           Power      Damage    Failure   Level
a - Summon Small Mammal   Summ           92%        N/A       1%          1
b - Call Canine Familiar  Summ           23%        N/A       4%          3
c - Summon Lightning Spi  Summ/Air       13%        N/A       43%         4

Your spell library contained the following spells:

 Spells                   Type           Power      Damage    Failure   Level
 Call Imp                 Summ           23%        N/A       2%          2
 Summon Guardian Golem    Hex/Summ       12%        N/A       16%         3
 Beastly Appendage        Tmut           2%         N/A       17%         1
 Sandblast                Erth           2%         2d4       17%         1
 Passwall                 Tmut/Erth      0%         N/A       26%         2
 Wereblood                Tmut           1%         N/A       26%         2
 Hailstorm                Conj/Ice       1%         3d3       45%         3
 Spider Form              Tmut/Pois      1%         N/A       45%         3
 Stone Arrow              Conj/Erth      2%         3d7       45%         3
 Ice Form                 Ice/Tmut       1%         N/A       86%         4
 Simulacrum               Ice/Necr       Unusable   N/A       N/A         6

Dungeon Overview and Level Annotations

Branches:
Dungeon (4/15)             Temple (0/1) D:4

Altars:
Gozag

Annotations:
D:2 exclusion: downstairs
D:3 Grinder


Innate Abilities, Weirdness & Mutations

You cannot wear most types of armour.
You are amphibious.
You can wear up to eight rings at the same time.
Your skin changes colour to match your surroundings (Stealth+).
Your rubbery body absorbs attacks. (AC +1, EV +1)
((You are camouflaged when in or above water. (Stealth+)))
You have tentacles for arms and can constrict up to eight enemies at once.


Message History

The bullfrog is distracted by your dazzling golden aura.
A goblin comes into view. It is wielding a +0 club.
The goblin shouts!
A giant cockroach comes into view.
Found a runed great sword.
A ball python comes into view.
The bullfrog is no longer distracted by gold.
The bullfrog hits your hound.
Your hound bites the bullfrog.
Your hound barely misses the bullfrog.
Your hound closely misses the bullfrog.
Throw: 5 darts (curare)
Press: ? - help, Shift-Dir - straight line, f - orc wizard
Aim: an orc wizard, wielding a +0 dagger and wearing a +0 robe (50% to hit)
Okay, then.
Your hound bites the bullfrog.
Your hound bites the goblin.
The goblin dies!
Your hound bites the orc wizard but does no damage.
Your hound misses the orc wizard.
The orc priest mumbles some strange prayers to Beogh against you.
Your hound writhes in agony!
Your hound dies!
Your hound's corpse disappears in a puff of smoke!
There is a stone staircase leading up here.
You block the bullfrog's attack.
The orc wizard gestures at you while chanting.
The magic dart hits you!
* * * LOW HITPOINT WARNING * * *
The bullfrog closely misses you.
You climb upwards.
Level annotation: Grinder
There is a stone staircase leading down here.
Throw: 5 darts (curare)
Press: ? - help, Shift-Dir - straight line, f - bullfrog
Aim: a bullfrog (moderately wounded, 50% to hit)
You throw a curare-tipped dart.
The curare-tipped dart barely misses the bullfrog.
The bullfrog hits you!
You die...
Your body crumbles into a pile of gold.

....####################.#
#.# # .....)...#.......#
#.# #.# #
###..###.#.#####.# #.###.#
#..).#...#.....#.# #.....#
#.#..#.#########'##
#######
#^#..#.#.....(....#
#.#..#.#.####.....#
....##.#.## #..F..#
.......#..# #...@.#
<...#####.# ####### ....#
#.# ....# #># ##### #.# #
#.######### # #.........#
###### #########.# .....#
#...## #.#


You could see a bullfrog.

Vanquished Creatures
  Ijyb (D:3)
  3 gnolls
  A worm (D:4)
  2 dart slugs
  3 orcs
  7 ball pythons
  4 bats
  5 endoplasms
  3 goblins
  4 hobgoblins
  A jackal (D:3)
  4 kobolds
  4 quokkas
  A frilled lizard (D:1)
  3 rats
46 creatures vanquished.

Vanquished Creatures (collateral kills)
  A gnoll (D:3)
  An adder (D:2)
  A dart slug (D:1)
  An orc (D:4)
  A ball python (D:3)
  3 endoplasms
  4 goblins
  2 hobgoblins (D:1)
  2 jackals (D:3)
  A bat (D:1)
  A rat (D:1)
18 creatures vanquished.

Grand Total: 64 creatures vanquished

Notes
Turn   | Place    | Note
-------+----------+-------------------------------------------
     0 | D:1      | Monkooky the Octopode Summoner began the quest for the Orb.
     0 | D:1      | Reached XP level 1. HP: 11/11 MP: 3/3
    66 | D:1      | Reached skill level 1 in Fighting
   124 | D:1      | Reached XP level 2. HP: 9/19 MP: 3/5
   453 | D:1      | Reached XP level 3. HP: 19/25 MP: 6/6
   457 | D:1      | Learned a level 3 spell: Call Canine Familiar
  1008 | D:2      | Reached XP level 4. HP: 28/30 MP: 5/7
  1099 | D:3      | Noticed Ijyb
  1399 | D:2      | Found a faded altar of an unknown god.
  1404 | D:2      | Prayed at the altar of an unknown god.
  1404 | D:2      | Became a worshipper of Gozag Ym Sagoz the Greedy
  1644 | D:3      | Reached skill level 5 in Summonings
  1779 | D:3      | Killed Ijyb
  1780 | D:3      | Reached XP level 5. HP: 4/35 MP: 5/8
  2429 | D:3      | Noticed Grinder
  2466 | D:4      | Found a staircase to the Ecumenical Temple.
  2509 | D:4      | Learned a level 4 spell: Summon Lightning Spire
  2589 | D:3      | Slain by a bullfrog

Illustrated notes

Levels and vault maps discovered:
D:1:      mushboom_english_gardens, layout_basic
D:2:      layout_loops_cross, chequers_ecumenical_altar_lobes
D:3:      layout_basic, minmay_box_of_dots, uniq_ijyb, uniq_grinder
D:4:      layout_gridville, minmay_temple_entry_ruins, nicolae_eternal_life,
          minmay_checkerbox, uniq_sigmund, uniq_robin

Skill      XL: |  1  2  3  4 |
---------------+-------------+-----
Fighting       | 1 2 |  2.6
Summonings     | 5 |  5.7
Dodging        | |  2.0
Stealth        | |  2.6
Spellcasting   | |  2.0
Air Magic      | |  0.4

Action                     |  1- 3 |  4- 6 || total
---------------------------+-------+-------++-------
  Melee: Unarmed           |    17 |       ||    17
         Tentacles         |    16 |    12 ||    28
         Constrict         |    13 |    18 ||    31
         Dagger            |    41 |    49 ||    90
         Punch             |       |     2 ||     2
  Throw: Dart              |       |     2 ||     2
   Cast: Summon Small Mamm |    21 |       ||    21
         Call Canine Famil |       |     7 ||     7
   Stab: Sleeping          |     7 |     5 ||    12
 Armour: Skin              |    11 |     2 ||    13
  Dodge: Dodged            |    44 |    28 ||    72
  Block: Other             |     2 |    10 ||    12
         Reflection        |       |     1 ||     1

Table legend: (Time is in decaauts)
 A = Elapsed time spent in this place.
 B = Non-inter-level travel time spent in this place.
 C = Inter-level travel time spent in this place.
 D = Time resting spent in this place.
 E = Time spent auto-exploring this place.
 F = Levels seen in this place.
 G = Mean time per level.
                   A        B        C        D        E       F      G
               +--------+--------+--------+--------+--------+-----+--------+
         Total |   2589 |   2393 |    196 |    199 |   1697 |   4 |  647.2 |
       Dungeon |   2589 |   2393 |    196 |    199 |   1697 |   4 |  647.2 |
               +--------+--------+--------+--------+--------+-----+--------+

Top non-repeatable levels by time:
     D:2: 906 daAuts
     D:3: 847 daAuts
     D:1: 712 daAuts
     D:4: 122 daAuts
